 Dungeon Sprint DCSS version 0.30-a0-626-gd6a5dd7a1f (webtiles) character file.

Game seed: 12532520922273584029

1650 BigDaddyOpFi the Cleaver (level 9, 0/90 HPs)
             Began as a Hill Orc Fighter on Jan 11, 2023.
             Was a Believer of Fedhas.
             Slain by a skeletal warrior
             ... wielding a +0 mace
              (16 damage)
             ... in the Dungeon (Sprint IX: "|||||||||||||||||||||||||||||").
             The game lasted 00:02:12 (693 turns).

BigDaddyOpFi the Cleaver (Hill Orc Fighter)          Turns: 693, Time: 00:02:13

Health: 0/90       AC: 16    Str: 26    XL:     9   Next: 0%
Magic:  9/9        EV:  8    Int:  8    God:    Fedhas [**....]
Gold:   0          SH:  7    Dex: 13    Spells: 8/8 levels left

rFire   . . .      SeeInvis .    m - +1 broad axe (freeze)
rCold   . . .      Faith    .    c - +0 buckler
rNeg    . . .      Spirit   .    o - +1 chain mail
rPois   .          Reflect  .    n - +0 helmet
rElec   .          Harm     .    (no cloak)
rCorr   .          Rampage  .    a - +0 pair of gloves
Will    .....      NoTele   +    (no boots) Stlth
                                 (no amulet)
HPRegen 0.35/turn                p - +3 ring of dexterity
MPRegen 0.11/turn                q - +3 ring of strength

@: no status effects
A: no striking features
a: Renounce Religion, Wall of Briars


You were in the Dungeon.
You worshipped Fedhas.
Fedhas was pleased with you.
You visited 1 branch

Inventory:

Hand Weapons
 m - a +1 broad axe of freezing (weapon)
Armour
 a - a +0 pair of gloves (worn)
 c - a +0 buckler (worn)
 n - a +0 helmet (worn)
 o - a +1 chain mail (worn)
Jewellery
 p - a +3 ring of dexterity (left hand)
 q - a +3 ring of strength (right hand)
Wands
 l - a wand of light (10)
Scrolls
 j - 2 scrolls of blinking
 k - 2 scrolls of amnesia
Potions
 d - a potion of invisibility
 e - a potion of curing
 h - 3 potions of magic
 i - a potion of berserk rage


   Skills:
 + Level 12.2 Fighting
 + Level 12.9 Axes
 + Level 11.2 Armour
 + Level 11.2 Shields


You had 8 spell levels left.
You didn't know any spells.
Your spell library was empty.

Dungeon Overview and Level Annotations

Branches:
Dungeon (1/1)

Altars:
Cheibriados
Dithmenos
Elyvilon
Fedhas
Gozag
Hepliaklqana
Kikubaaqudgha
Makhleb
Nemelex Xobeh
Okawaru
Qazlal
Ru
Sif Muna
Trog
Uskayaw
Vehumet
Wu Jian
Xom
Yredelemnul
Zin
The Shining One
Beogh
Jiyva
Lugonu


Message History

The skeletal warrior is severely damaged.
You block the skeletal warrior's attack.
You hit the skeletal warrior but do no damage.
The skeletal warrior is severely damaged.
The skeletal warrior hits you with a +0 mace!
You barely miss the skeletal warrior.
The skeletal warrior is severely damaged.
The skeletal warrior hits you but does no damage.
You barely miss the skeletal warrior.
The skeletal warrior is severely damaged.
The skeletal warrior hits you but does no damage.
Magic courses through your body.
The skeletal warrior hits you with a +0 mace!
* * * LOW HITPOINT WARNING * * *
You feel better.
The skeletal warrior hits you with a +0 mace!
* * * LOW HITPOINT WARNING * * *
You feel better.
The skeletal warrior hits you but does no damage.
You closely miss the skeletal warrior.
The skeletal warrior is severely damaged.
The skeletal warrior hits you with a +0 mace!
* * * LOW HITPOINT WARNING * * *
You feel better.
The skeletal warrior hits you but does no damage.
You feel better.
The skeletal warrior hits you with a +0 mace!
* * * LOW HITPOINT WARNING * * *
You closely miss the skeletal warrior.
The skeletal warrior is severely damaged.
The skeletal warrior hits you but does no damage.
You hit the skeletal warrior but do no damage.
The skeletal warrior is severely damaged.
The skeletal warrior barely misses you.
The yak snorts and paws the ground.
You closely miss the skeletal warrior.
The skeletal warrior is severely damaged.
The skeletal warrior hits you with a +0 mace!
You die...
Fedhas appreciates your contribution to the ecosystem.

▓Y▓
▓.▓
▓.▓
▓.▓
▓.▓
▓Y▓
▓W▓
▓z▓
▓@▓
▓.▓
▓.▓
▓.▓
▓)▓
▓'▓
▓[▓
▓.▓
▓.▓


You could see a skeletal warrior, a yak and a wraith.

Vanquished Creatures
  A komodo dragon (D)
  2 trolls (D)
  2 shadows (D)
  A vampire mosquito (D)
  An acid dragon (D)
  A water moccasin (D)
  An ice beast (D)
  An orc warrior (D)
  An iguana (D)
  A white imp (D)
  An orc (D)
  A giant cockroach (D)
  A goblin (D)
  A hobgoblin (D)
  2 frilled lizards (D)
18 creatures vanquished.

Vanquished Creatures (collateral kills)
  An unseen horror (D)
1 creature vanquished.

Grand Total: 19 creatures vanquished

Notes
Turn   | Place    | Note
-------+----------+-------------------------------------------
     0 | D        | BigDaddyOpFi the Hill Orc Fighter began the quest for the
                  | Orb.
     0 | D        | Reached XP level 1. HP: 19/19 MP: 1/1
    21 | D        | Noticed a water moccasin
    21 | D        | Noticed an iguana
    21 | D        | Noticed an ice beast
    24 | D        | HP: 1/20 [ice beast (8)]
    26 | D        | Banished a spatial maelstrom
    29 | D        | Killed an ice beast
    30 | D        | Reached skill level 5 in Armour
    30 | D        | Reached skill level 5 in Shields
    30 | D        | Reached XP level 2. HP: 31/31 MP: 2/2
    30 | D        | Reached XP level 3. HP: 38/38 MP: 3/3
    30 | D        | Reached XP level 4. HP: 45/45 MP: 4/4
    41 | D        | Reached XP level 5. HP: 31/51 MP: 5/5
    46 | D        | Killed a water moccasin
    47 | D        | Reached XP level 6. HP: 26/61 MP: 6/6
   254 | D        | Found a roughly hewn altar of Beogh.
   254 | D        | Found a snail-covered altar of Cheibriados.
   254 | D        | Found a shadowy altar of Dithmenos.
   254 | D        | Found a white marble altar of Elyvilon.
   254 | D        | Found a blossoming altar of Fedhas.
   254 | D        | Found an opulent altar of Gozag.
   255 | D        | Found a hazy altar of Hepliaklqana.
   256 | D        | Found a viscous altar of Jiyva.
   257 | D        | Found an ancient bone altar of Kikubaaqudgha.
   258 | D        | Found a corrupted altar of Lugonu.
   259 | D        | Found a burning altar of Makhleb.
   260 | D        | Found a sparkling altar of Nemelex Xobeh.
   261 | D        | Became a worshipper of Fedhas Madash
   262 | D        | Found an iron altar of Okawaru.
   263 | D        | Found a stormy altar of Qazlal.
   264 | D        | Found a sacrificial altar of Ru.
   265 | D        | Found a shimmering blue altar of Sif Muna.
   266 | D        | Found a bloodstained altar of Trog.
   267 | D        | Found a hide-covered altar of Uskayaw.
   268 | D        | Found a radiant altar of Vehumet.
   269 | D        | Found an ornate altar of the Wu Jian Council.
   270 | D        | Found a shimmering altar of Xom.
   271 | D        | Found a basalt altar of Yredelemnul.
   272 | D        | Found a glowing silver altar of Zin.
   273 | D        | Found a glowing golden altar of the Shining One.
   326 | D        | Noticed an orc warrior
   326 | D        | Noticed a troll
   326 | D        | Noticed a shadow
   326 | D        | Noticed a komodo dragon
   326 | D        | Noticed a shadow
   326 | D        | Noticed a troll
   332 | D        | Killed a troll
   333 | D        | Reached XP level 7. HP: 54/70 MP: 7/7
   342 | D        | Killed a shadow
   343 | D        | Reached skill level 10 in Fighting
   343 | D        | Reached skill level 10 in Axes
   348 | D        | Killed a komodo dragon
   348 | D        | Reached * piety under Fedhas
   349 | D        | Reached XP level 8. HP: 63/81 MP: 8/8
   355 | D        | Killed a shadow
   356 | D        | Reached skill level 10 in Armour
   356 | D        | Reached skill level 10 in Shields
   361 | D        | Killed a troll
   365 | D        | Reached ** piety under Fedhas
   655 | D        | Noticed a yak
   655 | D        | Noticed a wraith
   655 | D        | Noticed a skeletal warrior
   660 | D        | Killed an unseen horror
   673 | D        | Reached XP level 9. HP: 70/90 MP: 6/9
   693 | D        | Slain by a skeletal warrior

Illustrated notes

Levels and vault maps discovered:
D:        linesprint [early_d, line_temple, items_1, d_10, items_2, lair_1,
          lair_end, items_3, orc_1, orc_end, items_4, d_15, swamp_1, shoals_1,
          snake_1, spider_1, d_20, vaults_1, items_5, swamp_end, shoals_end,
          snake_end, spider_end, vaults_end, d_27, items_6, zot_1, zot_end,
          crypt_end, forest_end, elf_end, slime_end, tomb_end, abyss_end,
          pan_hell_end]

Skill      XL: |  1  2  3  4  5  6  7  8 |
---------------+-------------------------+-----
Axes           | 6 7 8 9 11 12 | 12.9
Fighting       | 6 8 9 10 12 | 12.2
Armour         | 5 6 7 8 9 11 | 11.2
Shields        | 5 6 7 8 9 11 | 11.2

Action                   |  1- 3 |  4- 6 |  7- 9 || total
-------------------------+-------+-------+-------++-------
Melee: War axe           |    17 |    17 |       ||    34
       Broad axe         |       |     5 |    53 ||    58
Invok: Wall of Briars    |       |       |     1 ||     1
  Use: Potion            |     2 |     1 |     7 ||    10
Armor: Scale mail        |     6 |     5 |       ||    11
       Chain mail        |       |     4 |    16 ||    20
Dodge: Dodged            |     7 |     7 |     9 ||    23
Block: Buckler           |     2 |     4 |    17 ||    23

Table legend: (Time is in decaauts)
 A = Elapsed time spent in this place.
 B = Non-inter-level travel time spent in this place.
 C = Inter-level travel time spent in this place.
 D = Time resting spent in this place.
 E = Time spent auto-exploring this place.
 F = Levels seen in this place.
 G = Mean time per level.
                   A        B        C        D        E       F      G
               +--------+--------+--------+--------+--------+-----+--------+
         Total |    694 |    694 |      0 |    485 |      0 |   1 |  694.0 |
       Dungeon |    694 |    694 |      0 |    485 |      0 |   1 |  694.0 |
               +--------+--------+--------+--------+--------+-----+--------+

Top non-repeatable levels by time:
       D: 694 daAuts
